[Event "73rd POL-ch (w)"]
[Site "Bydgoszcz POL"]
[Date "2021.05.03"]
[Round "5"]
[White "Rajlich, Iweta"]
[Black "Kulon, Klaudia"]
[Result "0-1"]
[ECO "E10"]
[WhiteElo "2394"]
[BlackElo "2347"]
[PlyCount "82"]
[EventDate "2021.04.28"]
[TimeControl "5400+30"]
[WhiteClock "0:45:39"]
[BlackClock "0:55:28"]

1. Nf3 Nf6 2. c4 Nc6 3. d4 e6 4. Bf4 Bb4+ 5. Bd2 Bxd2+ 6. Nbxd2 d6 7. e4 e5 8. d5 Nb8 9. Bd3 a5 10. c5 O-O 11. cxd6 cxd6 12. Qa4 Na6 13. Bxa6 Rxa6 14. O-O Nd7 15. Qc2 b6 16. b3 Nc5 17. a3 f5 18. b4 fxe4 19. Nxe4 axb4 20. axb4 Nxe4 21. Qxe4 Rf4 22. Qc2 Rxa1 23. Rxa1 Bb7 24. Qd2 h6 25. Rc1 Qa8 26. Rd1 Qa4 27. h3 Rxb4 28. Rc1 Rc4 29. Rb1 b5 30. Nh2 Qc2 31. Qe1 Re4 32. Qf1 b4 33. Ng4 b3 34. f3 Ba6 35. Qxa6 Qxb1+ 36. Kh2 Rxg4 37. hxg4 b2 38. Qxd6 Qc2 39. Qe6+ Kh7 40. d6 b1=Q 41. d7 Qbb2 0-1

[Event "73rd POL-ch (w)"]
[Site "Bydgoszcz POL"]
[Date "2021.05.03"]
[Round "5"]
[White "Socko, Monika"]
[Black "Rudzinska, Michalina"]
[Result "1-0"]
[ECO "A27"]
[WhiteElo "2421"]
[BlackElo "2251"]
[PlyCount "49"]
[EventDate "2021.04.28"]
[TimeControl "5400+30"]
[WhiteClock "0:40:23"]
[BlackClock "0:29:39"]

1. c4 e5 2. Nc3 Nc6 3. Nf3 g6 4. d4 exd4 5. Nxd4 Bg7 6. Nxc6 bxc6 7. g3 Ne7 8. Bg2 O-O 9. O-O d6 10. Bg5 f6 11. Bf4 Be6 12. Qa4 Qd7 13. Rfd1 Rfb8 14. c5 d5 15. e4 Rd8 16. Rd2 f5 17. exd5 Nxd5 18. Nxd5 Bxd5 19. Bg5 Qe6 20. Bxd8 Rxd8 21. Rad1 h5 22. Qxa7 Qe7 23. Bxd5+ cxd5 24. Rxd5 Rxd5 25. Qa8+ 1-0

[Event "73rd POL-ch (w)"]
[Site "Bydgoszcz POL"]
[Date "2021.05.03"]
[Round "5"]
[White "Majdan, Joanna"]
[Black "Cyfka, Karina"]
[Result "0-1"]
[ECO "C42"]
[WhiteElo "2325"]
[BlackElo "2415"]
[PlyCount "116"]
[EventDate "2021.04.28"]
[TimeControl "5400+30"]
[WhiteClock "0:04:32"]
[BlackClock "0:04:03"]

1. e4 e5 2. Nf3 Nf6 3. Nxe5 d6 4. Nf3 Nxe4 5. Nc3 Nxc3 6. dxc3 Be7 7. Be3 O-O 8. Qd2 Nd7 9. O-O-O Nf6 10. Bd3 c5 11. h4 Qa5 12. Kb1 Be6 13. c4 Qxd2 14. Rxd2 h6 15. Bf4 Rfd8 16. Re1 Bf8 17. Rde2 b5 18. Nd2 d5 19. cxd5 Nxd5 20. Be5 c4 21. Be4 c3 22. Nb3 cxb2 23. Kxb2 f6 24. Bd4 Bf7 25. Bf5 a5 26. c3 Nf4 27. Rc2 Nxg2 28. Rg1 Nxh4 29. Be4 Bd5 30. Bxd5+ Rxd5 31. Bxf6 Nf3 32. Rg3 Rf5 33. Bd4 a4 34. Nc5 Kf7 35. Nd7 Nxd4 36. cxd4 Bd6 37. Ne5+ Bxe5 38. dxe5 Ra7 39. Re3 Re7 40. Rce2 Rf4 41. Ka3 Ke6 42. Rc2 Ra7 43. Rc6+ Kd5 44. Rd6+ Kc5 45. Rc3+ Rc4 46. Rcd3 b4+ 47. Kb2 Re4 48. R6d5+ Kc4 49. f3 a3+ 50. Kc2 Rh4 51. e6 Re7 52. Rd6 Rh2+ 53. Kc1 Rxa2 54. R3d4+ Kb3 55. Rd3+ Ka4 56. Ra6+ Kb5 57. Rd7 Kxa6 58. Rxe7 Re2 0-1

[Event "73rd POL-ch (w)"]
[Site "Bydgoszcz POL"]
[Date "2021.05.03"]
[Round "5"]
[White "Zawadzka, Jolanta"]
[Black "Sliwicka, Alicja"]
[Result "1/2-1/2"]
[ECO "B60"]
[WhiteElo "2399"]
[BlackElo "2346"]
[PlyCount "83"]
[EventDate "2021.04.28"]
[TimeControl "5400+30"]
[WhiteClock "0:30:03"]
[BlackClock "0:32:17"]

1. e4 c5 2. Nf3 Nc6 3. d4 cxd4 4. Nxd4 Nf6 5. Nc3 d6 6. Bg5 g6 7. Bxf6 exf6 8. Qd2 Bg7 9. Bb5 Bd7 10. O-O O-O 11. Nde2 f5 12. Rad1 Be6 13. Nf4 Nd4 14. Bd3 Qh4 15. Nfd5 Bxd5 16. Nxd5 fxe4 17. c3 Be5 18. f4 exf3 19. gxf3 Nc6 20. f4 Bg7 21. Qg2 Rad8 22. Rf3 Rde8 23. Rg3 Qh5 24. Rf1 Ne7 25. Nxe7+ Rxe7 26. f5 Bh6 27. Bc4 Re3 28. Kh1 Rxg3 29. Qxg3 Qg5 30. Qxd6 Qd2 31. Qxd2 Bxd2 32. Rd1 Rd8 33. h4 gxf5 34. Bb3 Kg7 35. Kg2 Rd6 36. Kf3 Kf6 37. Bc2 Ke5 38. h5 h6 39. Ke2 Bg5 40. Rxd6 Kxd6 41. Bxf5 Ke5 42. Bc8 1/2-1/2

[Event "73rd POL-ch (w)"]
[Site "Bydgoszcz POL"]
[Date "2021.05.03"]
[Round "5"]
[White "Antolak, Julia"]
[Black "Dworakowska, Joanna"]
[Result "0-1"]
[ECO "B90"]
[WhiteElo "2306"]
[BlackElo "2322"]
[PlyCount "98"]
[EventDate "2021.04.28"]
[TimeControl "5400+30"]
[WhiteClock "0:16:40"]
[BlackClock "0:25:53"]

1. e4 c5 2. Nf3 d6 3. d4 cxd4 4. Nxd4 Nf6 5. Nc3 a6 6. Nb3 e6 7. g4 h6 8. Bg2 Be7 9. Be3 e5 10. f3 Be6 11. Qe2 Nbd7 12. O-O-O b5 13. Nd5 Bxd5 14. exd5 O-O 15. h4 a5 16. g5 Nh5 17. Qxb5 hxg5 18. hxg5 Bxg5 19. Rxh5 Bxe3+ 20. Kb1 g6 21. Rh3 a4 22. Nc1 Kg7 23. Rdh1 Nf6 24. Ne2 Ra5 25. Qd3 Qb6 26. f4 Rb8 27. b3 Bc5 28. fxe5 dxe5 29. Qd2 Ng8 30. Rh7+ Kf8 31. Rh8 axb3 32. cxb3 Be3 33. Qc3 Rxa2 34. Kxa2 Qa6+ 35. Kb1 Qxe2 36. Re1 Rxb3+ 37. Qxb3 Qxe1+ 38. Ka2 Kg7 39. Rh1 Qe2+ 40. Qb2 Qc4+ 41. Qb3 Qg4 42. Bf1 Bd4 43. Rh3 Qf4 44. Rf3 Qd2+ 45. Kb1 e4 46. Rxf7+ Kxf7 47. d6+ Kg7 48. d7 Qe1+ 49. Kc2 Qf2+ 0-1

[Event "73rd POL-ch (w)"]
[Site "Bydgoszcz POL"]
[Date "2021.05.04"]
[Round "6"]
[White "Kulon, Klaudia"]
[Black "Socko, Monika"]
[Result "1/2-1/2"]
[ECO "D03"]
[WhiteElo "2347"]
[BlackElo "2421"]
[PlyCount "116"]
[EventDate "2021.04.28"]
[TimeControl "5400+30"]
[WhiteClock "0:51:39"]
[BlackClock "0:41:10"]

1. d4 Nf6 2. Bg5 d5 3. e3 e6 4. Nd2 c5 5. c3 Nbd7 6. Ngf3 Bd6 7. Bd3 h6 8. Bh4 b6 9. Qe2 Bb7 10. O-O-O c4 11. Bc2 b5 12. e4 Be7 13. Ne5 Nxe5 14. dxe5 Nd7 15. Bg3 Nc5 16. exd5 Qxd5 17. Nf3 Qc6 18. Nd4 Qa6 19. Kb1 O-O-O 20. f4 g6 21. h4 h5 22. Nf3 Qc6 23. Rhe1 a6 24. Bf2 Rxd1+ 25. Rxd1 Rd8 26. Rxd8+ Kxd8 27. Bxc5 Bxc5 28. Ng5 Qxg2 29. Qxg2 Bxg2 30. Bxg6 Bf2 31. Bxh5 Bxh4 32. Bxf7 Ke7 33. Bxe6 Bxg5 34. Bc8 Be4+ 35. Ka1 Bxf4 36. Bxa6 Bc6 37. a4 Bxe5 38. Bxb5 Bd5 39. Ka2 Kd6 40. Be8 Kc5 41. Bh5 Be6 42. Bd1 Bf5 43. b3 Bxc3 44. bxc4 Kb4 45. c5 Be6+ 46. Kb1 Be5 47. Kc2 Bf5+ 48. Kd2 Bf4+ 49. Ke1 Kxc5 50. Kf2 Kd4 51. Bf3 Bg5 52. a5 Bh4+ 53. Kg2 Bc8 54. Bc6 Ke3 55. Bd5 Bd8 56. Bc6 Bxa5 57. Bd5 Kf4 58. Bc6 Bf5 1/2-1/2

[Event "73rd POL-ch (w)"]
[Site "Bydgoszcz POL"]
[Date "2021.05.04"]
[Round "6"]
[White "Sliwicka, Alicja"]
[Black "Antolak, Julia"]
[Result "1/2-1/2"]
[ECO "B70"]
[WhiteElo "2346"]
[BlackElo "2306"]
[PlyCount "178"]
[EventDate "2021.04.28"]
[TimeControl "5400+30"]
[WhiteClock "0:15:05"]
[BlackClock "0:08:00"]

1. e4 c5 2. Nf3 d6 3. d4 cxd4 4. Nxd4 Nf6 5. Nc3 a6 6. Be2 g6 7. Be3 Bg7 8. Qd2 h5 9. O-O-O Ng4 10. Bxg4 Bxg4 11. f3 Bd7 12. Nd5 O-O 13. Nb3 Nc6 14. Bb6 Qc8 15. Nxe7+ Nxe7 16. Qxd6 Qc6 17. Qxd7 Qxb6 18. Qxe7 Rac8 19. Kb1 a5 20. Qa3 Qc6 21. c3 a4 22. Nd4 Qa6 23. Nc2 Rfd8 24. Qe7 Bf6 25. Rxd8+ Rxd8 26. Qc5 Qe2 27. Qe3 Qxg2 28. Rc1 Qxh2 29. Nd4 a3 30. bxa3 Qd6 31. Nb5 Qd3+ 32. Qxd3 Rxd3 33. f4 Rf3 34. e5 Be7 35. Nc7 Bxa3 36. Rd1 h4 37. Nd5 h3 38. Rh1 Bc5 39. Kc2 Kg7 40. Nf6 Be7 41. Nd5 Bc5 42. Nf6 Bb6 43. Kd2 Ba7 44. a3 Rf2+ 45. Kd3 h2 46. Ng4 Rxf4 47. Nxh2 Rh4 48. e6 Kf8 49. Rf1 Rxh2 50. Rxf7+ Ke8 51. Rxb7 Bc5 52. Rg7 Rg2 53. a4 Bf8 54. Rg8 Ke7 55. a5 Ra2 56. Rxg6 Rxa5 57. Kd4 Kd6 58. Rg8 Be7 59. Rg6 Ra4+ 60. Kd3 Ke5 61. Rh6 Bf6 62. Rh5+ Kxe6 63. Rb5 Rh4 64. Rb6+ Kf5 65. Rc6 Be5 66. Rc8 Rh3+ 67. Kc2 Ke4 68. Rc4+ Ke3 69. Rc5 Bh8 70. Rd5 Ke4 71. Rc5 Be5 72. Rc8 Kd5 73. Rd8+ Bd6 74. Rg8 Rh4 75. Kd3 Rh3+ 76. Kc2 Be5 77. Rc8 Rg3 78. Rd8+ Kc6 79. Rc8+ Kb5 80. Kb3 Bd6 81. Rd8 Bc5 82. Rb8+ Kc6 83. Rd8 Bd6 84. Kc2 Kc7 85. Re8 Kd7 86. Re4 Be7 87. Rd4+ Kc6 88. Re4 Bd6 89. Re8 Rg2+ 1/2-1/2

[Event "73rd POL-ch (w)"]
[Site "Bydgoszcz POL"]
[Date "2021.05.04"]
[Round "6"]
[White "Cyfka, Karina"]
[Black "Dworakowska, Joanna"]
[Result "1-0"]
[ECO "B90"]
[WhiteElo "2415"]
[BlackElo "2322"]
[PlyCount "69"]
[EventDate "2021.04.28"]
[TimeControl "5400+30"]
[WhiteClock "0:01:06"]
[BlackClock "0:01:22"]

1. e4 c5 2. Nf3 d6 3. d4 cxd4 4. Nxd4 Nf6 5. Nc3 a6 6. h4 e5 7. Nb3 Be6 8. f4 Be7 9. f5 Bd7 10. g4 Bc6 11. Bg2 Ng8 12. g5 h6 13. Qh5 b5 14. Be3 b4 15. Nd5 Bxd5 16. exd5 Nd7 17. f6 Ngxf6 18. gxf6 Nxf6 19. Qe2 O-O 20. O-O-O Kh8 21. Kb1 Ng8 22. Qf2 a5 23. Nd2 a4 24. Rdg1 f5 25. Bh3 Qd7 26. Rg6 b3 27. cxb3 axb3 28. a3 Rxa3 29. bxa3 Qa4 30. Kb2 f4 31. Bb6 Nf6 32. Rhg1 Nxd5 33. Qg2 Bg5 34. Qxd5 Ra8 35. Nc4 1-0

[Event "73rd POL-ch (w)"]
[Site "Bydgoszcz POL"]
[Date "2021.05.04"]
[Round "6"]
[White "Majdan, Joanna"]
[Black "Rajlich, Iweta"]
[Result "1/2-1/2"]
[ECO "C00"]
[WhiteElo "2325"]
[BlackElo "2394"]
[PlyCount "182"]
[EventDate "2021.04.28"]
[TimeControl "5400+30"]
[WhiteClock "0:03:36"]
[BlackClock "0:02:37"]

1. e4 e6 2. d3 g6 3. Nf3 Bg7 4. d4 d6 5. Bg5 Ne7 6. Qd2 h6 7. Be3 Nd7 8. Nc3 a6 9. a4 b6 10. h3 d5 11. exd5 exd5 12. Be2 Bb7 13. O-O g5 14. Nh2 c5 15. Bg4 O-O 16. Bxd7 Qxd7 17. Ne2 Nc6 18. f4 Rfe8 19. fxg5 h5 20. Bf2 Re4 21. Ng3 cxd4 22. Nxh5 Rae8 23. Nf6+ Bxf6 24. gxf6 Qf5 25. Qh6 Qh7 26. Qxh7+ Kxh7 27. Nf3 Kg6 28. Rad1 Kxf6 29. Nxd4 Kg6 30. Nxc6 Bxc6 31. Bxb6 Bxa4 32. Rxd5 Bxc2 33. Bd8 f5 34. Rd2 Re2 35. Rf2 Re1+ 36. Kh2 Be4 37. Rd6+ Kf7 38. g4 Re6 39. Rxe6 Kxe6 40. Ba5 Rd1 41. Bc3 Rd3 42. Rf1 Re3 43. Rf4 Bd3 44. Bh8 Be4 45. Bd4 Rd3 46. Bc3 Re3 47. Bh8 Rd3 48. gxf5+ Bxf5 49. h4 Re3 50. Ra4 Bd3 51. Ra3 Kf5 52. Bd4 Rf3 53. h5 Be2 54. Ra5+ Bb5 55. h6 Kg4 56. Kg1 Rg3+ 57. Kf2 Rf3+ 58. Ke1 Rh3 59. Bg7 Kf5 60. Kd2 Kg6 61. Ra1 Kh7 62. Re1 Rd3+ 63. Kc2 Rh3 64. Re7 Kg8 65. Rb7 Bd3+ 66. Kd2 Bb5 67. Ra7 Rd3+ 68. Kc2 Rh3 69. b3 Kh7 70. Kb2 Kg6 71. Bf8 Rh5 72. Kc3 Rf5 73. Ra8 Rf7 74. Kb4 Rf4+ 75. Ka5 Rf3 76. Rb8 Rf5 77. Rb6+ Kf7 78. Bb4 Bd3+ 79. Ka4 Rh5 80. Bc3 Rh4+ 81. b4 Rh3 82. Bd4 Bb5+ 83. Rxb5 axb5+ 84. Kxb5 Rxh6 85. Bb6 Ke7 86. Ka6 Kd7 87. Kb7 Rh5 88. Bc5 Rg5 89. Kb6 Kc8 90. Kc6 Rg7 91. Bd6 Rc7+ 1/2-1/2

[Event "73rd POL-ch (w)"]
[Site "Bydgoszcz POL"]
[Date "2021.05.04"]
[Round "6"]
[White "Rudzinska, Michalina"]
[Black "Zawadzka, Jolanta"]
[Result "0-1"]
[ECO "B48"]
[WhiteElo "2251"]
[BlackElo "2399"]
[PlyCount "52"]
[EventDate "2021.04.28"]
[TimeControl "5400+30"]
[WhiteClock "0:04:30"]
[BlackClock "0:28:38"]

1. e4 c5 2. Nf3 Nc6 3. Nc3 e6 4. d4 cxd4 5. Nxd4 Qc7 6. Be3 a6 7. Bd3 Nf6 8. O-O b5 9. Kh1 Bb7 10. a3 h5 11. f4 Ng4 12. Bg1 g5 13. Be2 gxf4 14. Bxg4 hxg4 15. Qxg4 O-O-O 16. Nxc6 Bxc6 17. Bd4 f5 18. Qxf4 Bd6 19. e5 Be7 20. Kg1 Rdg8 21. g3 Rg4 22. Qf2 Bb7 23. Rfd1 f4 24. Qe2 Qc6 25. Kf1 Qh1+ 26. Bg1 Bc5 0-1

[Event "73rd POL-ch (w)"]
[Site "Bydgoszcz POL"]
[Date "2021.05.05"]
[Round "7"]
[White "Rajlich, Iweta"]
[Black "Cyfka, Karina"]
[Result "1/2-1/2"]
[ECO "A17"]
[WhiteElo "2394"]
[BlackElo "2415"]
[PlyCount "109"]
[EventDate "2021.04.28"]
[TimeControl "5400+30"]
[WhiteClock "0:02:20"]
[BlackClock "0:00:47"]

1. Nf3 Nf6 2. c4 e6 3. Nc3 Bb4 4. g4 Bxc3 5. dxc3 d6 6. Qc2 e5 7. g5 Nfd7 8. Bg2 Nc6 9. Be3 Qe7 10. O-O-O Nf8 11. c5 Be6 12. Nh4 Qd7 13. cxd6 cxd6 14. Bc5 Qe7 15. Bxc6+ bxc6 16. Qa4 Nd7 17. Bxd6 Qxg5+ 18. e3 Bd5 19. Rxd5 cxd5 20. Rd1 Rd8 21. Nf3 Qf5 22. Rxd5 f6 23. Qc6 Kf7 24. Ra5 Rhe8 25. Bc7 Rc8 26. Nd4 Qg4 27. Nb5 Qg1+ 28. Kc2 Qxf2+ 29. Kb3 Rxc7 30. Qxc7 Re7 31. Qc4+ Kg6 32. Qg4+ Kh6 33. Qh3+ Kg6 34. Qg3+ Qxg3 35. hxg3 a6 36. Nc7 Kg5 37. Kc2 Kg4 38. Rxa6 Kxg3 39. Nd5 Rf7 40. b4 h5 41. e4 h4 42. c4 h3 43. Ra3+ Kh4 44. Ne3 g6 45. Nf1 f5 46. Kd2 Nf6 47. exf5 Ne4+ 48. Ke1 gxf5 49. Ra8 f4 50. c5 f3 51. Rh8+ Kg4 52. Nh2+ Kg3 53. Nf1+ Kg4 54. Nh2+ Kg3 55. Nf1+ 1/2-1/2

[Event "73rd POL-ch (w)"]
[Site "Bydgoszcz POL"]
[Date "2021.05.05"]
[Round "7"]
[White "Antolak, Julia"]
[Black "Rudzinska, Michalina"]
[Result "1-0"]
[ECO "B56"]
[WhiteElo "2306"]
[BlackElo "2251"]
[PlyCount "82"]
[EventDate "2021.04.28"]
[TimeControl "5400+30"]
[WhiteClock "0:31:20"]
[BlackClock "0:31:13"]

1. e4 c5 2. Nf3 d6 3. d4 cxd4 4. Nxd4 Nf6 5. Nc3 a6 6. Nb3 Nc6 7. Be3 e6 8. g4 Be7 9. f4 b5 10. Bg2 Bb7 11. g5 Nd7 12. Qh5 Na5 13. Nxa5 Qxa5 14. O-O b4 15. Ne2 Nf6 16. Qh3 Nxe4 17. Nd4 g6 18. Rae1 Bd5 19. Nb3 Bxb3 20. Bd4 Bxc2 21. Bxh8 d5 22. Bd4 Rc8 23. Rc1 Rc4 24. b3 Rxd4 25. Rxc2 Nc3 26. Qxh7 Qc7 27. f5 gxf5 28. Kh1 Qe5 29. Rcc1 Rd2 30. Rfe1 Qd6 31. Qg8+ Bf8 32. g6 Kd7 33. g7 Bxg7 34. Qxg7 Qe7 35. Qg3 f6 36. Rxc3 bxc3 37. Qxc3 Rxa2 38. Bxd5 Qd6 39. Bxe6+ Qxe6 40. Rxe6 Kxe6 41. h4 Kd5 1-0

[Event "73rd POL-ch (w)"]
[Site "Bydgoszcz POL"]
[Date "2021.05.05"]
[Round "7"]
[White "Socko, Monika"]
[Black "Majdan, Joanna"]
[Result "1-0"]
[ECO "A35"]
[WhiteElo "2421"]
[BlackElo "2325"]
[PlyCount "83"]
[EventDate "2021.04.28"]
[TimeControl "5400+30"]
[WhiteClock "0:26:40"]
[BlackClock "0:36:07"]

1. c4 c5 2. Nc3 Nc6 3. Nf3 g6 4. e3 Bg7 5. d4 d6 6. Be2 Bg4 7. d5 Bxc3+ 8. bxc3 Na5 9. e4 Nf6 10. Bd3 Nd7 11. h3 Bxf3 12. Qxf3 Ne5 13. Qe2 Qd7 14. Bc2 Nexc4 15. O-O O-O-O 16. a4 e6 17. Rd1 exd5 18. Rxd5 Qe6 19. Bf4 Rhe8 20. Rad1 f6 21. Qf1 Qe7 22. Bg3 Qc7 23. Kh2 Rd7 24. Kh1 Rdd8 25. Bh4 Qe7 26. Re1 Nb6 27. Rdd1 g5 28. Bg3 h5 29. Qb5 Nac4 30. a5 Qd7 31. Qb1 Nxa5 32. e5 Qc6 33. Rxd6 Rxd6 34. exd6 h4 35. d7+ Kxd7 36. Qd1+ Nd5 37. Bf5+ Kd8 38. Rxe8+ Kxe8 39. Qh5+ Kd8 40. Bb8 Nc7 41. Qf7 Ne8 42. Bxa7 1-0

[Event "73rd POL-ch (w)"]
[Site "Bydgoszcz POL"]
[Date "2021.05.05"]
[Round "7"]
[White "Zawadzka, Jolanta"]
[Black "Kulon, Klaudia"]
[Result "0-1"]
[ECO "C54"]
[WhiteElo "2399"]
[BlackElo "2347"]
[PlyCount "146"]
[EventDate "2021.04.28"]
[TimeControl "5400+30"]
[WhiteClock "0:00:34"]
[BlackClock "0:15:11"]

1. e4 e5 2. Nf3 Nc6 3. Bc4 Nf6 4. d3 Bc5 5. O-O d6 6. c3 a6 7. a4 O-O 8. h3 Ba7 9. Re1 Be6 10. Nbd2 Qe7 11. Bxe6 fxe6 12. Nc4 b5 13. Ne3 Nh5 14. d4 exd4 15. Nxd4 Nxd4 16. cxd4 Qf6 17. Rf1 Nf4 18. Nc2 b4 19. Bxf4 Qxf4 20. Qd3 c5 21. Rae1 a5 22. Re3 cxd4 23. Nxd4 Qf6 24. Rd1 Qxf2+ 25. Kh1 Qxb2 26. Nxe6 Bxe3 27. Nxf8 Rxf8 28. Qxe3 Qc3 29. Qb6 Qc5 30. Qb7 h6 31. Qd7 Kh7 32. Qe6 Qe5 33. Qc4 Rf2 34. Qd3 Ra2 35. Qb3 Ra3 36. Qc2 Rc3 37. Qb1 b3 38. Rd5 Qf4 39. Rd1 Kh8 40. Rf1 Qd2 41. e5 Rc2 42. Rg1 b2 43. Qf1 Qg5 44. Qb1 Rc1 45. Qxb2 Rxg1+ 46. Kxg1 Qe3+ 47. Kf1 Qxe5 48. Qb8+ Kh7 49. Qb1+ Kg8 50. Qb3+ Kf8 51. Kf2 Ke7 52. g3 Kf6 53. Kf3 Qd4 54. Qb5 Qc3+ 55. Kg2 Ke6 56. Qe8+ Kd5 57. Qb5+ Ke4 58. Qe2+ Kd4 59. Qg4+ Kc5 60. Qf5+ d5 61. Qc8+ Kd4 62. Qg4+ Kd3 63. Qf5+ Kc4 64. Qc8+ Kb4 65. Qb7+ Kc4 66. Qc8+ Kb3 67. Qb7+ Kc2 68. h4 d4 69. Qxg7 d3 70. Qg6 Kb2 71. Kf3 Qd4 72. Qe8 d2 73. Qe2 Kc1 0-1

[Event "73rd POL-ch (w)"]
[Site "Bydgoszcz POL"]
[Date "2021.05.05"]
[Round "7"]
[White "Dworakowska, Joanna"]
[Black "Sliwicka, Alicja"]
[Result "1-0"]
[ECO "B40"]
[WhiteElo "2322"]
[BlackElo "2346"]
[PlyCount "73"]
[EventDate "2021.04.28"]
[TimeControl "5400+30"]
[WhiteClock "0:12:24"]
[BlackClock "0:02:58"]

1. e4 c5 2. Nf3 e6 3. g3 Nc6 4. Bg2 d6 5. O-O Nf6 6. Re1 e5 7. c3 Be7 8. d4 exd4 9. cxd4 Bg4 10. Be3 O-O 11. h3 Bh5 12. Nc3 Re8 13. g4 Bg6 14. d5 Na5 15. Nd2 Nd7 16. f4 h6 17. b3 Bf6 18. Rc1 a6 19. e5 dxe5 20. f5 Bh7 21. Nde4 Bh4 22. Rf1 b6 23. Qd2 Ra7 24. Bxh6 gxh6 25. Qxh6 Bf6 26. Qh5 Nf8 27. g5 Bh8 28. Qg4 Rd7 29. Nf6+ Bxf6 30. gxf6+ Bg6 31. Qh4 Nb7 32. Ne4 Nh7 33. Qh6 Nxf6 34. fxg6 Rd6 35. gxf7+ Kxf7 36. Ng5+ Kg8 37. Qg6+ 1-0

[Event "73rd POL-ch (w)"]
[Site "Bydgoszcz POL"]
[Date "2021.05.06"]
[Round "8"]
[White "Cyfka, Karina"]
[Black "Sliwicka, Alicja"]
[Result "0-1"]
[ECO "E60"]
[WhiteElo "2415"]
[BlackElo "2346"]
[PlyCount "182"]
[EventDate "2021.04.28"]
[TimeControl "5400+30"]
[WhiteClock "0:01:46"]
[BlackClock "0:05:02"]

1. d4 Nf6 2. Nf3 g6 3. c4 Bg7 4. g3 O-O 5. Bg2 d6 6. O-O Ne4 7. Qc2 f5 8. Nbd2 Nxd2 9. Bxd2 e5 10. Bc3 Qe7 11. Rad1 Nd7 12. b4 Kh8 13. d5 Nf6 14. e3 Ne4 15. Be1 f4 16. c5 Bf5 17. Qc4 g5 18. exf4 gxf4 19. Nh4 Ng5 20. Nxf5 Rxf5 21. g4 Rf7 22. f3 e4 23. Bc3 exf3 24. Bxg7+ Rxg7 25. Rde1 Qd7 26. Qxf4 fxg2 27. Kxg2 Nf7 28. h3 dxc5 29. bxc5 Qxd5+ 30. Kh2 Qxc5 31. Rc1 Qd6 32. Rxc7 Qxf4+ 33. Rxf4 Nd6 34. Rc2 b5 35. Rc6 Nc4 36. a4 a6 37. Rf5 Rb7 38. Rff6 Na3 39. Rxa6 Rxa6 40. Rxa6 b4 41. Ra8+ Kg7 42. a5 Nb5 43. a6 Ra7 44. Rb8 Nc7 45. Rxb4 Rxa6 46. Rb3 Rc6 47. Kg3 Nd5 48. Rb7+ Rc7 49. Rb5 Rc3+ 50. Kh4 Ne7 51. Rb7 Re3 52. Kg5 Kf7 53. h4 Re6 54. Ra7 Rg6+ 55. Kh5 Rg8 56. g5 Rg6 57. Rb7 Re6 58. Ra7 Re4 59. Rb7 Kg8 60. Rb8+ Kg7 61. Rb7 Kh8 62. Rb8+ Ng8 63. Rb7 Re7 64. Rb4 Kg7 65. Kg4 Rc7 66. Kh5 Ne7 67. Re4 Nf5 68. Kg4 Nd6 69. Rd4 Rc4 70. Rxc4 Nxc4 71. h5 Nb6 72. Kf5 Nd5 73. Ke5 Ne3 74. Kf4 Nf1 75. Kf5 Nd2 76. Ke5 Nb3 77. Kf5 Nc5 78. Ke5 Na6 79. Kf5 Nc7 80. Ke5 Kf8 81. Kf5 Ne8 82. Kf4 Ke7 83. Kg4 Ke6 84. Kf4 Nd6 85. Kg4 Nb5 86. Kf4 Nc7 87. Ke4 Nd5 88. h6 Ne7 89. Kf4 Kf7 90. Kg4 Kg6 91. Kf4 Nc6 0-1

[Event "73rd POL-ch (w)"]
[Site "Bydgoszcz POL"]
[Date "2021.05.06"]
[Round "8"]
[White "Rudzinska, Michalina"]
[Black "Dworakowska, Joanna"]
[Result "0-1"]
[ECO "B99"]
[WhiteElo "2251"]
[BlackElo "2322"]
[PlyCount "68"]
[EventDate "2021.04.28"]
[TimeControl "5400+30"]
[WhiteClock "0:00:41"]
[BlackClock "0:22:01"]

1. e4 c5 2. Nf3 d6 3. d4 cxd4 4. Nxd4 Nf6 5. Nc3 a6 6. Bg5 e6 7. f4 Be7 8. Qf3 Qc7 9. O-O-O Nbd7 10. g4 h6 11. Bxf6 Bxf6 12. h4 Nb6 13. g5 Bxd4 14. Rxd4 Qc5 15. Qd3 hxg5 16. Rxd6 Nd7 17. f5 Ne5 18. Qd2 Ke7 19. Rd5 exd5 20. Qxg5+ Kd6 21. Nxd5 Re8 22. Be2 b5 23. Qxg7 Kc6 24. Rh3 Kb7 25. Rc3 Qd6 26. Nc7 Rd8 27. a3 Ra7 28. h5 Kb8 29. h6 f6 30. h7 Qf8 31. Qg1 Rxc7 32. Qb6+ Rb7 33. Qxa6 b4 34. Rh3 Rxh7 0-1

[Event "73rd POL-ch (w)"]
[Site "Bydgoszcz POL"]
[Date "2021.05.06"]
[Round "8"]
[White "Kulon, Klaudia"]
[Black "Antolak, Julia"]
[Result "1/2-1/2"]
[ECO "A46"]
[WhiteElo "2347"]
[BlackElo "2306"]
[PlyCount "156"]
[EventDate "2021.04.28"]
[TimeControl "5400+30"]
[WhiteClock "0:07:14"]
[BlackClock "0:04:28"]

1. d4 Nf6 2. Bg5 e6 3. Nd2 h6 4. Bh4 c5 5. e3 b6 6. Ngf3 Bb7 7. Bd3 Be7 8. c3 cxd4 9. exd4 d6 10. O-O O-O 11. a4 a6 12. Nc4 Nbd7 13. Nfd2 Re8 14. Re1 e5 15. Bxf6 Nxf6 16. dxe5 dxe5 17. Nxe5 Bd6 18. Ndc4 Bc7 19. Bf1 Qb8 20. Nd7 Bxh2+ 21. Kh1 Nxd7 22. Qxd7 Rd8 23. Qf5 Rd5 24. Qh3 Bc7 25. Be2 Bc8 26. Bg4 Bxg4 27. Qxg4 Qd8 28. Rad1 Rxd1 29. Rxd1 Qf6 30. Rd7 Bf4 31. Rd4 Bc7 32. Rd7 Bf4 33. Rd4 Bc7 34. Kg1 Re8 35. Ne3 Qe6 36. Qf3 b5 37. axb5 axb5 38. g3 Bb6 39. Rd3 Qe4 40. Qxe4 Rxe4 41. Nd5 Ba7 42. Kf1 h5 43. b3 Re5 44. f3 Kh7 45. f4 Re4 46. Nc7 b4 47. c4 h4 48. Kg2 hxg3 49. Kxg3 g5 50. fxg5 Kg6 51. Kf3 Re5 52. Na6 Re6 53. Nxb4 Kxg5 54. Rd5+ f5 55. c5 Rh6 56. Nd3 Bb8 57. b4 Rh3+ 58. Ke2 Rh2+ 59. Ke3 Rc2 60. b5 Bh2 61. Kd4 Kf6 62. Rd8 Bg1+ 63. Kd5 Bxc5 64. Rc8 Rd2 65. Rxc5 Rxd3+ 66. Kc6 Rd8 67. b6 Kg5 68. b7 Kg4 69. Kb6 Rb8 70. Rc8 Rxb7+ 71. Kxb7 f4 72. Kc6 f3 73. Rf8 Kg3 74. Kd5 f2 75. Ke4 Kg2 76. Rg8+ Kh2 77. Rf8 Kg2 78. Rxf2+ Kxf2 1/2-1/2

[Event "73rd POL-ch (w)"]
[Site "Bydgoszcz POL"]
[Date "2021.05.06"]
[Round "8"]
[White "Majdan, Joanna"]
[Black "Zawadzka, Jolanta"]
[Result "0-1"]
[ECO "B51"]
[WhiteElo "2325"]
[BlackElo "2399"]
[PlyCount "86"]
[EventDate "2021.04.28"]
[TimeControl "5400+30"]
[WhiteClock "0:27:12"]
[BlackClock "0:38:11"]

1. e4 c5 2. Nf3 d6 3. d4 cxd4 4. Qxd4 Nc6 5. Bb5 a6 6. Bxc6+ bxc6 7. O-O e5 8. Qd3 Qc7 9. c4 Be6 10. Nc3 Nf6 11. b3 Be7 12. Ng5 Bd7 13. Ba3 Nh5 14. Nf3 Nf4 15. Qe3 Qa5 16. Bb2 O-O 17. c5 Bg4 18. Na4 Rad8 19. h3 Bh5 20. Kh2 f6 21. Nh4 d5 22. Nf5 Rfe8 23. exd5 Rxd5 24. g3 Nd3 25. Nxe7+ Rxe7 26. Nb6 Rd8 27. Nc4 Qc7 28. Bc3 Qd7 29. Ba5 Rf8 30. Nd6 e4 31. Bc3 Bf3 32. Rad1 Bxd1 33. Rxd1 f5 34. Rxd3 exd3 35. Qxd3 Qe6 36. Qd4 h6 37. Kg2 Kh7 38. Qd3 Qe2 39. Qd4 Qxa2 40. g4 fxg4 41. Qd3+ g6 42. Ne4 Qxb3 43. hxg4 Rxe4 0-1

[Event "73rd POL-ch (w)"]
[Site "Bydgoszcz POL"]
[Date "2021.05.06"]
[Round "8"]
[White "Rajlich, Iweta"]
[Black "Socko, Monika"]
[Result "1-0"]
[ECO "A30"]
[WhiteElo "2394"]
[BlackElo "2421"]
[PlyCount "151"]
[EventDate "2021.04.28"]
[TimeControl "5400+30"]
[WhiteClock "0:01:57"]
[BlackClock "0:01:39"]

1. Nf3 Nf6 2. c4 b6 3. b3 Bb7 4. Bb2 e6 5. e3 c5 6. Nc3 Be7 7. d4 cxd4 8. Qxd4 Nc6 9. Qd2 O-O 10. Rd1 d5 11. cxd5 exd5 12. Bb5 Bb4 13. Bxc6 Bxc6 14. O-O Rc8 15. Qd4 Qe7 16. Qh4 Bb7 17. Nb5 Ne4 18. Qxe7 Bxe7 19. Nfd4 Bf6 20. f3 Nc5 21. Rf2 Rce8 22. Bc1 a6 23. Nd6 Rd8 24. Nxb7 Nxb7 25. Nc6 Rd6 26. Rc2 Re8 27. Nd4 g6 28. Kf2 Kg7 29. Ba3 Rd7 30. Rc6 Bxd4 31. Rxd4 Re6 32. Rc8 f5 33. Bb2 Kf7 34. Rh8 h5 35. Rh7+ Ke8 36. Rxd7 Kxd7 37. Rxd5+ Kc6 38. Rd2 a5 39. Ba3 b5 40. Rc2+ Kb6 41. Bb2 Nd8 42. Bd4+ Ka6 43. Kg3 Nc6 44. Kf4 Nb4 45. Rd2 Nd5+ 46. Kg5 b4 47. Rc2 Kb7 48. g3 Nc3 49. Rd2 Nd5 50. h4 Nc3 51. a4 Nd5 52. Rc2 Nc3 53. Bxc3 Rc6 54. Bxb4 Rxc2 55. Bxa5 Rg2 56. Kf4 Rb2 57. Bc3 Rxb3 58. Bd4 Rb1 59. Kg5 Rf1 60. f4 Rg1 61. Kxg6 Rxg3+ 62. Kxf5 Kc6 63. a5 Kb5 64. e4 Kxa5 65. e5 Kb5 66. e6 Kc6 67. Kf6 Ra3 68. f5 Ra5 69. Bc3 Rb5 70. Be5 Ra5 71. Bf4 Ra4 72. Bg5 Ra5 73. Kg6 Kd6 74. e7 Kd7 75. f6 Ra6 76. Kg7 1-0